 Dungeon Crawl Stone Soup version 0.30-a0-359-gd0147acb1a (webtiles) character file.

Game seed: 7832043414863933086

3595 michalidesi the Protected (level 9, -1/79 HPs)
             Began as a Minotaur Berserker on Nov 9, 2022.
             Was a High Priest of Trog.
             Succumbed to a killer bee's poison
             ... on level 8 of the Dungeon on Nov 12, 2022.
             The game lasted 01:16:50 (6860 turns).

michalidesi the Protected (Minotaur Berserker)      Turns: 6860, Time: 01:16:50

Health: -1/79      AC: 11    Str: 22    XL:     9   Next: 85%
Magic:  8/8        EV:  6    Int:  4    God:    Trog [*****.]
Gold:   300        SH: 14    Dex: 14    Spells: 8/8 levels left

rFire   x . .      SeeInvis .    B - +10 dagger of Xom {vorpal, rC+}
rCold   + + .      Faith    +    S - +0 tower shield
rNeg    . . .      Spirit   .    v - +0 chain mail
rPois   .          Reflect  .    (helmet restricted)
rElec   .          Harm     .    (no cloak)
rCorr   +          Rampage  .    (no gloves)
Will    ++...                    (no boots)
Stlth   ..........               j - amulet of faith
HPRegen 1.33/turn                l - ring of ice
MPRegen 0.11/turn                t - ring of resist corrosion

@: lethally poisoned (-1 -> -10), about to teleport, strong-willed, regenerating
A: horns 2, retaliatory headbutt
a: Renounce Religion, Berserk, Trog's Hand, Brothers in Arms


You were on level 8 of the Dungeon.
You worshipped Trog.
Trog was extremely pleased with you.
You visited 1 branch of the dungeon, and saw 8 of its levels.

You collected 415 gold pieces.
You spent 115 gold pieces at shops.

Inventory:

Hand Weapons
 a - a +0 hand axe
 n - a +0 short sword
 u - a +0 war axe
 x - a +3 rapier of flaming
 B - the +10 dagger of Xom (weapon) {vorpal, rC+}
   (You took it off a kobold on level 5 of the Dungeon)

   It inflicts extra damage upon your enemies.
   rC:        It protects you from cold.
 C - a +0 club
 D - a +0 dagger
 G - a +0 dagger
 H - a +0 whip
 I - a +0 hand axe of flaming
 K - a +0 dagger
 P - a +0 shortbow
 Q - a +0 spear
 T - a +0 dagger of venom
Missiles
 d - a throwing net
 h - 94 stones
 F - 18 poisoned darts
 U - a boomerang (quivered)
Armour
 b - a +3 kite shield
 f - a +0 scale mail
 v - a +0 chain mail (worn)
 S - a +0 tower shield (worn)
Magical Staves
 y - a staff of conjuration
Jewellery
 j - an amulet of faith (around neck)
 l - a ring of ice (left hand)
 t - a ring of resist corrosion (right hand)
Wands
 N - a wand of roots (4)
Scrolls
 g - 6 scrolls of identify
 k - 2 scrolls of poison {unknown}
 m - 7 scrolls of teleportation
 p - 2 scrolls of vulnerability
 r - 2 scrolls of noise {unknown}
 w - 2 scrolls of enchant weapon
 A - 2 scrolls of immolation {unknown}
 E - 2 scrolls of fear
 J - a scroll of blinking
 L - a scroll of amnesia {unknown}
Potions
 c - 2 potions of invisibility
 e - 3 potions of haste
 i - 2 potions of lignification
 o - a potion of curing
 q - a potion of degeneration
 s - a potion of magic {unknown}
 z - a potion of flight {unknown}
 M - 2 potions of might {unknown}
 R - a potion of resistance {unknown}


   Skills:
 + Level 7.4 Fighting
 + Level 5.9 Short Blades
 + Level 8.4 Axes
 + Level 3.0 Throwing
 + Level 8.6 Armour
 + Level 3.4 Dodging
 + Level 2.1 Stealth
 + Level 6.2 Shields


You had 8 spell levels left.
You didn't know any spells.
Your spell library was empty.

Dungeon Overview and Level Annotations

Branches:
Dungeon (8/15)             Temple (0/1) D:4
   Lair: D:8-11

Altars:

Shops:
D:2 [   D:4 ?

Annotations:
D:1 1 exclusion


Innate Abilities, Weirdness & Mutations

You have a pair of horns on your head.
You reflexively headbutt those who attack you in melee.


Message History

The killer bee stings you.
* * * LOW HITPOINT WARNING * * *
You block the killer bee's attack. x2
You feel better. The killer bee stings you.
* * * LOW HITPOINT WARNING * * *
You are poisoned.
The killer bee poisons you! You block the killer bee's attack.
The killer bee stings you but does no damage.
You block the killer bee's attack.
The killer bee stings you but does no damage. x2
The killer bee closely misses you.
The killer bee stings you but does no damage.
You barely miss the killer bee.
The killer bee is almost dead.
You feel very sick. You block the killer bee's attack. x2
The killer bee stings you but does no damage.
You block the killer bee's attack. x2; The killer bee barely misses you.
You furiously retaliate!
You headbutt the killer bee!
You kill the killer bee!
Trog accepts your kill. The killer bee stings you.
* * * LOW HITPOINT WARNING * * *
You are lethally poisoned!
The killer bee poisons you!
The killer bee stings you but does no damage.
As you read the scroll of teleportation, it crumbles to dust.
You feel strangely unstable.
* * * LOW HITPOINT WARNING * * *
You feel very sick.
You block the killer bee's attack. x2; The killer bee stings you.
* * * LOW HITPOINT WARNING * * *
You are more poisoned.
The killer bee poisons you!
The killer bee stings you but does no damage.
You block the killer bee's attack.
The killer bee stings you but does no damage.
Your skin crawls.
You feel strong-willed.
You die...

... ### )..##### ####.#
##.##..###.##.##
.......##......#####
.......###.......#$#
........#.......@y.###
...............†yy...#
...).)))......##...###
...)..........##...#
.......>........#....
.P........#.....#...#.#
######....##.........
.. .+ #.#..............
.. .#
#....#####........ .


You could see 3 killer bees.

Vanquished Creatures
  Eustachio (D:6)
  3 ice beasts
  2 ogres (D:5)
  A sky beast (D:7)
  A centaur (D:8)
  2 phantoms
  A kobold brigand (D:5)
  3 bullfrogs
  A gnoll sergeant (D:8)
  A necrophage (D:5)
  5 scorpions
  10 wights
  8 killer bees
  3 howler monkeys
  3 hounds
  6 orc priests
  2 jellies
  6 iguanas
  6 orc wizards
  17 gnolls
  12 adders
  A shadow imp (D:8)
  A worm (D:4)
  2 dart slugs
  22 orcs
  6 bats
  4 endoplasms
  A giant cockroach (D:3)
  13 goblins
  13 hobgoblins
  32 kobolds
  6 quokkas
  8 ball pythons
  2 frilled lizards
  5 rats
210 creatures vanquished.

Vanquished Creatures (others)
  17 fungi (D:1)
  51 plants
68 creatures vanquished.

Grand Total: 278 creatures vanquished

Notes
Turn   | Place    | Note
-------+----------+-------------------------------------------
     0 | D:1      | michalidesi the Minotaur Berserker began the quest for the
                  | Orb.
     0 | D:1      | Reached XP level 1. HP: 19/19 MP: 0/0
   372 | D:1      | Reached XP level 2. HP: 27/27 MP: 1/1
  1189 | D:2      | Reached XP level 3. HP: 27/33 MP: 2/2
  1237 | D:2      | Found Geposum's Armour Shop.
  1396 | D:2      | Reached ** piety under Trog
  1401 | D:2      | Reached skill level 5 in Axes
  1763 | D:3      | Reached XP level 4. HP: 40/41 MP: 3/3
  2346 | D:4      | Reached *** piety under Trog
  2347 | D:4      | Noticed a scorpion
  2356 | D:4      | Killed a scorpion
  2357 | D:4      | Reached skill level 1 in Stealth
  2357 | D:4      | Reached XP level 5. HP: 31/47 MP: 4/4
  2390 | D:4      | Found Kyiqar's Magic Scroll Boutique.
  2450 | D:4      | Bought a scroll of enchant weapon for 75 gold pieces
  2450 | D:4      | Bought a scroll of fog for 40 gold pieces
  2461 | D:4      | Reached skill level 5 in Fighting
  2609 | D:4      | Reached XP level 6. HP: 56/56 MP: 5/5
  2696 | D:4      | Found a staircase to the Ecumenical Temple.
  3372 | D:5      | Entered Level 5 of the Dungeon
  3393 | D:5      | Noticed an ice beast
  3404 | D:5      | Reached XP level 7. HP: 29/61 MP: 6/6
  3586 | D:5      | Identified the +10 dagger of Xom {vorpal, rC+}
  3631 | D:5      | Reached skill level 1 in Throwing
  3657 | D:5      | Reached **** piety under Trog
  3994 | D:5      | Reached skill level 1 in Short Blades
  3994 | D:5      | Reached skill level 1 in Shields
  4131 | D:5      | Reached skill level 5 in Armour
  4135 | D:5      | Reached XP level 8. HP: 68/70 MP: 7/7
  4754 | D:6      | Noticed Eustachio
  4769 | D:6      | Killed Eustachio
  4837 | D:6      | Reached ***** piety under Trog
  5370 | D:7      | HP: 3/67 [wight/+3 halberd (14)]
  5371 | D:7      | HP: 1/65 [wight/+2 trident (5)]
  5377 | D:7      | Reached XP level 9. HP: 23/73 MP: 8/8
  5805 | D:7      | Received a gift from Trog
  6043 | D:7      | Reached skill level 5 in Shields
  6405 | D:8      | Reached skill level 5 in Short Blades
  6761 | D:8      | Upgraded the game from 0.30-a0-358-g0d69a1922f to
                  | 0.30-a0-359-gd0147acb1a
  6859 | D:8      | HP: 2/79 [killer bee (3)]
  6860 | D:8      | Succumbed to a killer bee's poison

Illustrated notes

Levels and vault maps discovered:
D:1:      nzn_arrival_settlement, layout_loops_ring,
          dreamdust_mushroom_princess, feat_on_display
D:2:      layout_basic, serial_shops, nicolae_shop_crystal,
          minmay_pentomino_pile
D:3:      layout_loops_cross
D:4:      layout_layer_cave, minmay_temple_entry_ruins, serial_shops, shop,
          serial_bayou_pond_c, dk_vineyard_3, grunt_decor_resistance,
          st_stairs_5, kennysheep_generic_room_5
D:5:      kennysheep_kobold_camp, layout_basic, due_unseen_surprise
D:6:      layout_rooms, uniq_eustachio
D:7:      layout_gridville, grunt_decor_one_mirror, minmay_checkerbox
D:8:      corexii_shantytown, layout_cave_pools,
          onia_ninara_dug_in_and_dangerous

Skill      XL: |  1  2  3  4  5  6  7  8  9 |
---------------+----------------------------+-----
Axes           | 4 5 6 7 8 |  8.4
Fighting       | 4 5 6 7 |  7.4
Stealth        | 1 2 |  2.1
Dodging        | 3 |  3.4
Armour         | 3 5 7 8 |  8.6
Throwing       | 1 2 3 |  3.0
Short Blades   | 1 4 5 |  5.9
Shields        | 1 3 6 |  6.2

Action                   |  1- 3 |  4- 6 |  7- 9 || total
-------------------------+-------+-------+-------++-------
Melee: Hand axe          |   111 |    40 |       ||   151
       Headbutt          |    28 |    23 |    64 ||   115
       Punch             |     2 |     2 |       ||     4
       War axe           |       |    97 |    10 ||   107
       Dagger            |       |       |   330 ||   330
Throw: Stone             |     4 |     3 |    19 ||    26
       Dart              |       |       |    24 ||    24
Invok: Berserk           |       |     4 |     2 ||     6
       Trog's Hand       |       |       |     1 ||     1
Evoke: Wand              |       |       |     1 ||     1
  Use: Scroll            |     3 |     4 |     9 ||    16
       Potion            |       |     1 |     5 ||     6
 Stab: Sleeping          |     1 |       |       ||     1
Armor: Animal skin       |     7 |     9 |       ||    16
       Chain mail        |       |    37 |   144 ||   181
Dodge: Dodged            |    38 |    50 |    78 ||   166
Block: Kite shield       |       |    16 |   151 ||   167
       Tower shield      |       |       |    53 ||    53

Table legend: (Time is in decaauts)
 A = Elapsed time spent in this place.
 B = Non-inter-level travel time spent in this place.
 C = Inter-level travel time spent in this place.
 D = Time resting spent in this place.
 E = Time spent auto-exploring this place.
 F = Levels seen in this place.
 G = Mean time per level.
                   A        B        C        D        E       F      G
               +--------+--------+--------+--------+--------+-----+--------+
         Total |   6974 |   6666 |    308 |   1134 |   1725 |   8 |  871.8 |
       Dungeon |   6974 |   6666 |    308 |   1134 |   1725 |   8 |  871.8 |
               +--------+--------+--------+--------+--------+-----+--------+

Top non-repeatable levels by time:
     D:5: 1318 daAuts
     D:7: 1120 daAuts
     D:4: 1091 daAuts
     D:1: 1044 daAuts
     D:2: 690 daAuts
     D:6: 625 daAuts
     D:3: 617 daAuts
     D:8: 466 daAuts
